Map: Babylon LE

Players

You

  • Race: Protoss Protoss
  • League: Master
  • Spawn Location: 11:00

ChewChilla - Winner!

  • Race: Zerg Zerg
  • League: Master
  • Spawn Location: 5:00

VOD

Have the link to the VOD?

Description

Time

  • Played on: July 23, 2023, 3:44 a.m.
  • Length: 15:42
Show
View Real Time Build Order
Export as new Build Order

You Protoss 

Build Orders: 1 Gate Expand, Oracle Opening 

Get SALT Encoding   

  12  0:00  Probe  
  13  0:12  Probe  
  14  0:21  Pylon  
  14  0:24  Probe  
  15  0:39  Probe (Chrono Boost)  
  15  0:41  Gateway  
  16  0:47  Assimilator  
  17  0:50  Probe (Chrono Boost)  
  17  0:55  Probe (Chrono Boost)  
  18  1:05  Probe  
  19  1:18  Probe  
  20  1:26  Nexus  
  20  1:36  Cybernetics Core  
  20  1:38  Probe  
  21  1:46  Assimilator  
  21  1:52  Pylon  
  21  1:55  Probe  
  22  2:07  Probe (Chrono Boost)  
  23  2:13  Adept  
  25  2:18  Stargate  
  25  2:19  Probe (Chrono Boost)  
  26  2:25  Probe (Chrono Boost)  
  26  2:29  Warp Gate  
  27  2:33  Probe (Chrono Boost)  
  28  2:41  Probe (Chrono Boost)  
  28  2:43  Adept  
  32  2:44  Probe (Chrono Boost)  
  32  2:49  Probe (Chrono Boost)  
  33  2:53  Probe (Chrono Boost)  
  33  2:54  Probe (Chrono Boost)  
  35  3:02  Oracle (Chrono Boost)  
  35  3:05  Probe  
  39  3:06  Probe  
  40  3:17  Probe  
  40  3:18  Probe  
  42  3:29  Probe  
  42  3:31  Probe  
  42  3:33  Nexus  
  44  3:34  Pylon  
  44  3:44  Probe x2  
  45  3:49  Oracle (Chrono Boost)  
  45  3:55  Gateway  
  48  3:56  Probe x2  
  48  4:01  Pylon  
  50  4:08  Probe  
  49  4:15  Probe  
  50  4:17  Oracle (Chrono Boost)  
  50  4:21  Probe  
  50  4:23  Adept  
  56  4:27  Probe, Assimilator  
  56  4:28  Pylon  
  57  4:31  Twilight Council  
  57  4:33  Probe  
  57  4:34  Forge  
  58  4:39  Probe  
  58  4:45  Probe  
  60  4:47  Probe, Adept  
  67  4:54  Probe  
  67  4:57  Void Ray (Chrono Boost)  
  68  5:01  Probe  
  68  5:03  Blink  
  68  5:05  Gateway  
  68  5:06  Gateway  
  69  5:11  Gateway  
  69  5:14  Probe  
  70  5:19  Gateway  
  70  5:20  Protoss Ground Weapons Level 1 (Chrono Boost), Probe  
  70  5:21  Probe, Gateway  
  72  5:26  Probe  
  73  5:33  Probe  
  73  5:34  Probe  
  75  5:38  Probe  
  75  5:40  Gateway  
  76  5:45  Probe, Shield Battery  
  76  5:46  Gateway, Pylon  
  76  5:48  Pylon  
  77  5:50  Probe  
  77  5:52  Probe  
  79  5:57  Shield Battery  
  79  5:58  Adept  
  79  5:59  Adept  
  79  6:02  Adept x2  
  74  6:07  Stalker  
  74  6:08  Probe  
  74  6:10  Probe  
  73  6:22  Probe x3  
  73  6:25  Shield Battery  
  76  6:28  Stalker x4  
  84  6:38  Shield Battery  
  84  6:40  Shield Battery  
  85  6:47  Probe  
  85  6:57  Stalker x2  
  85  6:58  Stalker x4  
  97  7:07  Protoss Ground Weapons Level 2 (Chrono Boost)  
  97  7:09  Probe x2 (Chrono Boost)  
  97  7:10  Probe (Chrono Boost)  
  97  7:15  Pylon  
  100  7:18  Pylon  
  100  7:21  Probe (Chrono Boost), Pylon  
  101  7:28  Probe x2 (Chrono Boost)  
  101  7:31  Probe (Chrono Boost)  
  101  7:34  Probe  
  101  7:35  Probe  
  104  7:38  Stalker x3  
  104  7:42  Pylon  
  104  7:43  Probe  
  111  7:46  Probe  
  100  8:09  Stalker x8  
  100  8:11  Probe x2  
  116  8:17  Pylon  
  116  8:21  Probe  
  116  8:25  Charge  
  116  8:26  Probe x2  
  119  8:33  Assimilator x2, Nexus  
  119  8:34  Photon Cannon  
  119  8:37  Pylon  
  117  8:50  Probe  
  116  9:02  Stalker x6  
  123  9:11  Probe x2  
  123  9:26  Shield Battery  
  123  9:27  Photon Cannon, Robotics Facility, Pylon, Probe  
  123  9:28  Probe x2  
  126  9:33  Zealot x4  
  126  9:34  Zealot  
  126  9:35  Zealot  
  128  9:54  Stalker x6  
  138  10:03  Protoss Ground Weapons Level 3 (Chrono Boost)  
  138  10:05  Probe  
  139  10:09  Probe x2  
  139  10:11  Assimilator  
  139  10:14  Pylon  
  141  10:15  Assimilator  
  141  10:18  Zealot x6  
  135  10:32  Zealot x3  
  135  10:34  Probe  
  135  10:35  Probe x2  
  144  10:36  Shield Battery  
  144  10:39  Photon Cannon  
  144  10:41  Photon Cannon  
  138  10:43  Probe  
  138  10:44  Shield Battery  
  138  10:48  Probe  
  132  10:51  Zealot x4  
  132  10:54  Probe x2  
  132  10:56  Robotics Bay  
  142  10:57  Probe  
  142  11:00  Probe  
  142  11:04  Robotics Facility  
  144  11:05  Observer  
  133  11:13  Stalker x5  
  133  11:14  Stalker x2  
  135  11:42  Stalker x9  
  145  11:58  Probe  
  144  12:12  Zealot x3  
  144  12:13  Zealot x6, Colossus (Chrono Boost)  
  164  12:21  Colossus (Chrono Boost)  
  137  12:33  Zealot x8  
  137  12:34  Zealot  
  104  12:53  Zealot, Nexus  
  104  12:54  Zealot x2  
  104  12:55  Pylon  
  104  12:56  Stalker x2  
  104  12:57  Stalker x3  
  104  13:00  Extended Thermal Lance (Chrono Boost)  
  104  13:06  Stalker  
  76  13:28  Colossus x2 (Chrono Boost)  
  76  13:33  Sentry x2  
  76  13:34  Sentry x2  
  95  13:47  Stalker x5  
  91  14:13  Colossus  
  97  14:19  Stalker x2  
  93  14:33  Sentry x4  
  95  14:42  Probe  
  96  14:51  Stalker  
  98  15:13  Stalker  
Show
View Real Time Build Order
Export as new Build Order

ChewChilla Zerg - Winner!

Build Orders: Hatch First, Roach Hydra 

Get SALT Encoding   

  12  0:00  Drone  
  13  0:12  Overlord  
  13  0:16  Drone  
  14  0:30  Drone x2  
  16  0:48  Hatchery  
  15  0:51  Drone  
  15  0:54  Drone  
  17  0:59  Drone  
  18  1:08  Extractor  
  17  1:15  Spawning Pool  
  17  1:17  Drone  
  17  1:21  Drone  
  18  1:28  Drone  
  19  1:40  Drone  
  20  1:55  Overlord  
  20  2:01  Drone  
  20  2:02  Zergling x2  
  20  2:03  Queen x2  
  26  2:09  Metabolic Boost  
  26  2:11  Drone  
  27  2:19  Drone  
  28  2:32  Hatchery  
  27  2:37  Drone x2  
  29  2:49  Overlord  
  29  2:50  Zergling x6  
  32  2:55  Drone  
  33  3:00  Overlord  
  33  3:08  Queen  
  35  3:16  Drone x3, Spore Crawler  
  35  3:19  Spore Crawler  
  36  3:26  Drone  
  37  3:27  Evolution Chamber  
  37  3:30  Drone x2  
  38  3:35  Drone  
  38  3:36  Drone  
  38  3:39  Drone  
  40  3:51  Drone  
  40  3:52  Drone x3  
  40  3:54  Spore Crawler  
  45  3:57  Zerg Melee Weapons Level 1  
  45  3:58  Queen  
  45  4:01  Drone  
  46  4:04  Drone  
  46  4:05  Drone  
  46  4:08  Drone x2  
  49  4:14  Drone x3  
  51  4:25  Drone x4, Overlord  
  51  4:27  Overlord  
  55  4:33  Overlord  
  55  4:34  Drone x3  
  58  4:42  Overlord  
  58  4:49  Overlord  
  58  4:51  Drone  
  58  4:52  Drone, Hatchery  
  59  4:56  Zergling x8  
  59  4:59  Zergling x4  
  65  5:01  Zergling x2  
  65  5:02  Zergling x4  
  65  5:03  Zergling x2  
  67  5:07  Zergling x8  
  67  5:13  Drone  
  68  5:18  Zergling x8  
  68  5:19  Zergling x2  
  73  5:24  Zergling x2  
  73  5:26  Zergling x2  
  75  5:33  Lair  
  75  5:34  Drone x3  
  78  5:35  Extractor  
  78  5:36  Extractor  
  78  5:37  Drone x4, Roach Warren  
  78  5:38  Drone  
  80  5:43  Drone x2  
  82  5:52  Zergling x4  
  82  5:53  Zergling x4  
  80  6:07  Zergling x4  
  80  6:09  Drone  
  80  6:10  Drone x3  
  77  6:14  Drone x2  
  77  6:15  Drone x3  
  77  6:16  Queen  
  82  6:21  Drone x2  
  82  6:23  Zergling x8  
  88  6:29  Extractor  
  88  6:30  Extractor  
  88  6:31  Glial Reconstitution  
  86  6:33  Zerg Missile Weapons Level 1, Hydralisk Den  
  86  6:34  Drone x3  
  87  6:44  Drone x3  
  90  6:50  Extractor, Drone x4  
  90  6:51  Overlord x2  
  90  6:52  Roach  
  90  6:54  Overlord x3  
  90  7:05  Roach x3  
  90  7:07  Grooved Spines  
  90  7:08  Overlord  
  95  7:10  Roach x3  
  95  7:11  Roach x2  
  95  7:12  Zergling x2  
  105  7:15  Zergling x2  
  105  7:16  Zergling x4  
  105  7:18  Zergling x2  
  105  7:21  Zergling x2  
  105  7:22  Zergling x2  
  111  7:25  Zergling x2  
  111  7:27  Zergling x2  
  111  7:30  Roach x5  
  111  7:33  Roach x2  
  124  7:43  Drone x7  
  126  7:58  Roach x2  
  126  7:59  Zergling x4  
  126  8:01  Roach  
  124  8:07  Overlord x5  
  122  8:18  Muscular Augments  
  121  8:20  Overlord x2  
  121  8:25  Hydralisk  
  121  8:26  Hydralisk x9  
  141  8:30  Zergling x4  
  141  8:31  Zergling x8  
  147  8:36  Roach x2  
  147  8:41  Roach x4  
  159  8:48  Roach x5  
  155  8:59  Drone  
  155  9:00  Drone x8  
  155  9:01  Drone  
  153  9:06  Roach x2  
  141  9:11  Extractor  
  141  9:12  Zergling x2  
  141  9:13  Zergling x8  
  143  9:18  Roach x2  
  143  9:19  Zerg Missile Weapons Level 2  
  145  9:24  Extractor  
  145  9:26  Overseer  
  145  9:27  Queen  
  145  9:29  Ravager x4  
  145  9:30  Ravager  
  145  9:31  Zergling x10  
  153  9:34  Roach  
  153  9:37  Roach, Overseer x2  
  156  9:42  Roach x2  
  158  9:46  Roach  
  158  9:48  Roach  
  158  9:52  Overseer  
  158  9:53  Roach x4, Hatchery  
  158  9:54  Roach  
  158  9:55  Hatchery  
  158  9:57  Roach x3  
  158  9:58  Overlord x3  
  158  9:59  Overlord  
  166  10:04  Zergling x4  
  135  10:22  Roach x3  
  135  10:23  Roach x2  
  135  10:24  Roach x5  
  135  10:31  Roach x4  
  135  10:32  Hydralisk x4  
  141  10:39  Hydralisk  
  141  10:40  Hydralisk x2  
  135  10:46  Hydralisk  
  135  10:47  Hydralisk x3  
  141  10:54  Drone x8  
  149  10:58  Hydralisk  
  149  10:59  Hydralisk x2  
  149  11:01  Zergling x2  
  154  11:04  Zergling x2  
  152  11:12  Hydralisk  
  152  11:13  Hydralisk x2  
  158  11:21  Zergling x6  
  159  11:25  Zergling x4  
  159  11:26  Zergling x8  
  158  11:34  Hydralisk x5  
  154  11:40  Hydralisk  
  154  11:41  Zergling x2  
  154  11:43  Drone x2  
  154  11:44  Queen  
  162  11:47  Zergling x16  
  162  11:49  Zergling x2  
  167  11:54  Zergling x8  
  167  11:55  Zergling x4  
  173  12:06  Hydralisk x7  
  180  12:09  Zergling x4  
  180  12:13  Zergling x2  
  180  12:15  Zergling x2  
  183  12:21  Zergling x4  
  163  12:26  Zergling x4  
  163  12:27  Zergling x4  
  163  12:29  Zergling x6, Roach  
  147  12:31  Roach x2  
  147  12:34  Roach  
  147  12:36  Roach  
  147  12:39  Roach x2  
  147  12:42  Roach  
  147  12:43  Roach  
  144  12:47  Hydralisk x5  
  150  12:52  Roach x3  
  150  12:54  Roach  
  150  12:58  Spine Crawler  
  157  13:00  Spine Crawler  
  157  13:01  Spine Crawler, Overseer  
  155  13:06  Drone x5  
  155  13:08  Zergling x4  
  160  13:14  Roach x2  
  160  13:16  Roach  
  160  13:17  Roach  
  156  13:20  Roach x2  
  156  13:23  Roach  
  159  13:27  Roach  
  159  13:28  Roach x2  
  159  13:29  Zergling x2  
  159  13:31  Roach  
  159  13:34  Zerg Ground Armor Level 1  
  164  13:36  Queen  
  165  13:57  Drone x7  
  165  13:58  Drone x5  
  165  14:00  Drone x5  
  165  14:01  Drone  
  178  14:08  Drone  
  179  14:11  Drone  
  179  14:12  Infestation Pit  
  179  14:13  Hatchery  
  162  14:33  Roach  
  162  14:34  Roach x11  
  162  14:36  Roach  
  184  14:39  Roach  
  182  14:47  Overlord x3  
  176  14:57  Hydralisk x3  
  166  15:00  Hydralisk  
  166  15:01  Extractor  
  166  15:02  Extractor  
  166  15:04  Hydralisk x2, Roach  
  170  15:08  Hydralisk  
  170  15:12  Hydralisk  
  174  15:15  Hydralisk  
  176  15:21  Overseer, Ravager  
Tags
 
Add a new tag
Caveats
  • Supply blocks, unpowered buildings, or Contaminate may cause inaccurate times.
  • Supply counts are checked every 10 seconds.